 Dungeon Crawl Stone Soup version 0.27-a0-797-g27d10ad80f (webtiles) character file.

Game seed: 2350225285932825152

48 polve the Slasher (level 3, 0/29 HPs)
             Began as a Demonspawn Abyssal Knight on Mar 27, 2021.
             Was a Believer of Lugonu.
             Killed from afar by Robin (7 damage)
             ... with a puff of flame
             ... on level 2 of the Dungeon.
             The game lasted 00:01:16 (1425 turns).

polve the Slasher (Demonspawn Abyssal Knight)       Turns: 1425, Time: 00:01:17

Health: 0/29       AC:  3    Str: 12    XL:     3   Next: 50%
Magic:  4/4        EV: 13    Int: 14    God:    Lugonu [**....]
Gold:   93         SH:  0    Dex: 12    Spells: 2/2 levels left

rFire    . . .     SeeInvis .   a - +1 falchion
rCold    . . .     Faith    .   (no shield)
rNeg     . . .     Spirit   .   b - +0 leather armour
rPois    .         Reflect  .   (helmet restricted)
rElec    .         Harm     .   (no cloak)
rCorr    .         Rampage  .   (no gloves)
Will     .....                  (no boots)
Stlth    +.........             (no amulet)
HPRegen  0.09/turn              (no ring)
MPRegen  0.09/turn              (no ring)

@: lethally poisoned (0 -> -4)
A: repulsion field 1, spiny 1, hooves 1, horns 1, subdued magic 1, MP-powered
wands
a: Renounce Religion, Depart the Abyss, Bend Space


You were on level 2 of the Dungeon.
You worshipped Lugonu.
Lugonu was pleased with you.
You visited 1 branch of the dungeon, and saw 2 of its levels.
You visited the Abyss 1 time.

You collected 93 gold pieces.

Inventory:

Hand Weapons
 a - a +1 falchion (weapon)
Armour
 b - a +0 leather armour (worn)
 i - a +0 cloak
Jewellery
 f - a ring of poison resistance
Scrolls
 c - a scroll of enchant armour {unknown}
 d - 3 scrolls of identify {unknown}
 g - a scroll of immolation {unknown}
 h - a scroll of holy word {unknown}
Potions
 e - a potion of brilliance {unknown}


   Skills:
 + Level 3.2 Fighting
 + Level 3.3 Long Blades
 - Level 1.7 Armour
 - Level 0.8 Dodging
 - Level 2.4 Invocations


You had 2 spell levels left.
You didn't know any spells.
Your spell library was empty.

Dungeon Overview and Level Annotations

Branches:
Dungeon (2/15)

Altars:
Nemelex Xobeh

Annotations:
D:2 Robin


Innate Abilities, Weirdness & Mutations

You are surrounded by a mild repulsion field. (EV +2)
You are partially covered in sharp spines.
You have large cloven feet.
You have a pair of small horns on your head.
Your spells are a little easier to cast, but a little less powerful.
You expend magic power (3 MP) to strengthen your wands.


Message History

Lugonu accepts your kill.
You hear a shout!
Robin throws the goblin at you! The goblin is struck by your spines.
The goblin hits you but does no damage.
You hit the goblin. You kick the goblin, but do no damage.
The goblin is severely wounded.
The goblin is struck by your spines.
You kill the goblin!
Lugonu accepts your kill.
You hit the hobgoblin.
You kick the hobgoblin, but do no damage.
The hobgoblin is heavily wounded.
A hobgoblin comes into view.
The hobgoblin misses you.
You riposte.
You hit the hobgoblin.
You kill the hobgoblin!
Lugonu accepts your kill.
Things that are here:
a +0 club; a goblin corpse You completely miss the goblin.
You kick the goblin.
You kill the goblin!
Lugonu accepts your kill.
Robin roars a battlecry!
The hobgoblin goes into a battle-frenzy!
A quokka and 2 hobgoblins come into view.
The hobgoblin shouts!
You hear a shout!
Robin roars a battlecry!
A goblin comes into view. It is wielding a +1 vampiric dagger.
Things that are here:
a +0 dagger; a goblin corpse A goblin comes into view.
It is wielding a +0 club.
The goblin shouts!
Robin hits you with a +3 mace of venom.
You are poisoned.
You hit Robin.
Robin is lightly wounded.
Ouch! That really hurt!
* * * LOW HITPOINT WARNING * * *
You feel extremely sick.
Robin zaps a wand.
The puff of flame hits you!
You die...

#.............##
##....#.........
#....#.)########.#
#....#...........#
#....#.....######
.>..........).#
#.#.#.######)#.#
....#. #)#.# # #@#
# # #g# # #g# .r.
# #.g # #gg# #
#.g. # .... #


You could see Robin, a quokka, 3 hobgoblins and 2 goblins.

Vanquished Creatures
  A worm (D:2)
  A giant cockroach (D:1)
  6 goblins
  5 hobgoblins
  9 jackals (D:1)
  7 ball pythons
  5 bats (D:1)
  2 frilled lizards (D:1)
  3 kobolds
  4 rats (D:1)
43 creatures vanquished.

Notes
Turn   | Place    | Note
-------+----------+-------------------------------------------
     0 | Abyss:1  | polve the Demonspawn Abyssal Knight began the quest for the
                  | Orb.
     0 | Abyss:1  | Reached XP level 1. HP: 18/18 MP: 2/2
    68 | Abyss:1  | Noticed a small abomination
    69 | D:1      | Escaped the Abyss
   117 | D:1      | Reached * piety under Lugonu
   509 | D:1      | Gained mutation: You are partially covered in sharp spines.
                  | [demonic ancestry]
   509 | D:1      | Reached XP level 2. HP: 24/24 MP: 3/3
   863 | D:1      | Found a sparkling altar of Nemelex Xobeh.
   897 | D:1      | Gained mutation: You are surrounded by a mild repulsion
                  | field. (EV +2) [demonic ancestry]
   897 | D:1      | Reached XP level 3. HP: 23/29 MP: 4/4
  1204 | D:2      | Gained mutation: You have a pair of small horns on your
                  | head. [potion of mutation]
  1204 | D:2      | Gained mutation: You have large cloven feet. [potion of
                  | mutation]
  1204 | D:2      | Gained mutation: Your spells are a little easier to cast,
                  | but a little less powerful. [potion of mutation]
  1204 | D:2      | Gained mutation: You expend magic power (3 MP) to
                  | strengthen your wands. [potion of mutation]
  1366 | D:2      | Reached ** piety under Lugonu
  1417 | D:2      | Noticed Robin
  1425 | D:2      | Killed from afar by Robin

Illustrated notes

Levels and vault maps discovered:
D:1:      grunt_arrival_lava_bath, layout_rooms, serial_bayou_pond_e,
          nemelex_diamond_rough_becter
D:2:      layout_loops_ring, gammafunk_temple_overflow_pools,
          uniq_crazy_yiuf_cottage, uniq_robin

Skill      XL: |  1  2 |
---------------+-------+-----
Long Blades    | 2 3 |  3.3
Fighting       | |  3.2
Armour         | |  1.7
Dodging        | |  0.8
Invocations    | |  2.4

Action                   || total
-------------------------++-------
Melee: Falchion          ||    73
       Kick              ||     5
       Headbutt          ||     3
Invok: Depart the Abyss  ||     1
  Use: Potion            ||     2
Armor: Leather armour    ||    29
Dodge: Dodged            ||    73
       Rpst.: Falchion   ||    29

Table legend: (Time is in decaauts)
 A = Elapsed time spent in this place.
 B = Non-inter-level travel time spent in this place.
 C = Inter-level travel time spent in this place.
 D = Time resting spent in this place.
 E = Time spent auto-exploring this place.
 F = Levels seen in this place.
 G = Mean time per level.
                   A        B        C        D        E       F      G
               +--------+--------+--------+--------+--------+-----+--------+
         Total |   1441 |   1408 |     33 |      0 |   1196 |   3 |  480.3 |
       Dungeon |   1372 |   1339 |     33 |      0 |   1128 |   2 |  686.0 |
         Abyss |     69 |     69 |      0 |      0 |     68 |   1 |   69.0 |
               +--------+--------+--------+--------+--------+-----+--------+

Top non-repeatable levels by time:
     D:1: 1139 daAuts
     D:2: 233 daAuts
 Abyss:1: 69 daAuts
